 Dungeon Crawl Stone Soup version 0.23-a0-650-ga4d50d4 (webtiles) character file.

111 Ereth the Skirmisher (level 4, -11/39 HPs)
             Began as a Centaur Fighter on Jan 6, 2019.
             Mangled by a gnoll
             ... wielding a +1 halberd of flaming
              (12 damage)
             ... on level 2 of the Dungeon.
             The game lasted 00:03:51 (1551 turns).

Ereth the Skirmisher (Centaur Fighter)              Turns: 1551, Time: 00:03:52

Health: -11/39     AC:  6    Str: 25    XL:     4   Next: 62%
Magic:  4/4        EV:  5    Int:  7    God:
Gold:   71         SH:  8    Dex:  8    Spells: 3/3 levels left

rFire    . . .     SeeInvis .   a - +0 trident
rCold    . . .     Gourm    .   c - +0 shield
rNeg     . . .     Faith    .   b - +0 scale mail
rPois    .         Spirit   .   (no helmet)
rElec    .         Reflect  .   (no cloak)
rCorr    .         Harm     .   (no gloves)
MR       .....                  (no barding)
Stlth    ..........             (no amulet)
HPRegen  0.13/turn              (no ring)
MPRegen  0.09/turn              (no ring)

@: mighty, drained, very quick
A: large, hooves 3, deformed body, speed 2, tough skin 3
a: no special abilities


You were on level 2 of the Dungeon.
You were not hungry.

You visited 1 branch of the dungeon, and saw 2 of its levels.

You collected 71 gold pieces.

Inventory:

Hand Weapons
 a - a +0 trident (weapon)
 s - a +0 hunting sling
 t - a +1 hand axe of venom
Armour
 b - a +0 scale mail (worn)
 c - a +0 shield (worn)
Scrolls
 e - a scroll of noise {unknown}
 h - a scroll of remove curse {unknown}
 i - a scroll of amnesia {unknown}
 m - a scroll of enchant weapon {unknown}
 n - a scroll of blinking {unknown}
 o - 2 scrolls of magic mapping {unknown}
 p - 2 scrolls of identify {unknown}
 r - 3 scrolls of teleportation {unknown}
Potions
 g - a potion of resistance {unknown}
 j - a potion of flight {unknown}
 k - a potion of heal wounds {unknown}
 l - a potion of haste {unknown}
 q - a potion of agility {unknown}
Comestibles
 f - a ration


   Skills:
 + Level 3.6(3.1) Fighting
 + Level 3.0(2.5) Polearms
 + Level 2.7(2.2) Armour
 + Level 0.1(0.0) Dodging
 + Level 2.5(2.0) Shields


You had 3 spell levels left.
You didn't know any spells.
Your spell library was empty.

Dungeon Overview and Level Annotations

Branches:
Dungeon (2/15)

Altars:
Makhleb
Qazlal


Innate Abilities, Weirdness & Mutations

You have hooves in place of feet.
Armour fits poorly on your strangely shaped body.
You cover ground very quickly.
You have extremely tough skin. (AC +3)


Message History

The gnoll hits you with a +2 flail of draining.
You feel drained. You block the gnoll's attack.
You feel very mighty all of a sudden.
You closely miss the gnoll. You kick the gnoll!
You kill the gnoll!
Your base Polearms skill increases to level 3!
The gnoll hits you from afar with a +1 halberd of flaming.
The gnoll burns you.
You puncture the gnoll! Your kick misses the gnoll.
The gnoll is severely wounded.
You block the gnoll's attack.
The gnoll hits you from afar with a +1 halberd of flaming!
* * * LOW HITPOINT WARNING * * *
The gnoll burns you.
* * * LOW HITPOINT WARNING * * *
You closely miss the gnoll. Your kick misses the gnoll.
The gnoll is severely wounded.
You block the gnoll's attack.
The gnoll hits you from afar with a +1 halberd of flaming!
You die...

######## #......#
####......# ..........##
.................# .
#.................######..
#..........#'#.##.........
#..........#...##.........
#..........##..@gg........
#..........##.###......<..
#..........##.# ########g.
#.......)..'..# g
##.......(..####
#......).....###
...............########
.......#....<.........#
.......##.##..........#


You could see 2 gnolls.

Vanquished Creatures
  A hound (D:2)
  A gnoll (D:2)
  2 adders (D:2)
  An ooze (D:1)
  2 worms (D:2)
  2 dart slugs (D:2)
  A leopard gecko (D:1)
  5 bats
  2 giant cockroaches (D:2)
  2 goblins (D:2)
  4 hobgoblins
  10 frilled lizards
  7 kobolds
  2 rats (D:1)
42 creatures vanquished.

Notes
Turn   | Place    | Note
-------+----------+-------------------------------------------
     0 | D:1      | Ereth the Centaur Fighter began the quest for the Orb.
     0 | D:1      | Reached XP level 1. HP: 19/19 MP: 1/1
   149 | D:1      | Reached XP level 2. HP: 26/26 MP: 2/2
   797 | D:2      | Reached XP level 3. HP: 28/31 MP: 3/3
   828 | D:2      | Found a stormy altar of Qazlal.
  1256 | D:2      | Found a burning altar of Makhleb.
  1276 | D:2      | Reached XP level 4. HP: 33/38 MP: 4/4
  1550 | D:2      | HP: 1/39 [gnoll/+1 halberd of flaming (5)]
  1551 | D:2      | Mangled by a gnoll

Vault maps used:
D:1:      minmay_arrival_stair_chambers, minmay_misc_feat_secret_circle,
          roderic_serpentine_path, palyth_stone_intersect
D:2:      lemuel_round_altar, nicolae_qazlal_eye_of_the_storm, first_ration

Skill      XL: |  1  2  3  4 |
---------------+-------------+-----
Polearms       | 2 3 |  3.0
Fighting       | |  3.6
Armour         | |  2.7
Dodging        | |  0.1
Shields        | |  2.5

Action                   |  1- 3 |  4- 6 || total
-------------------------+-------+-------++-------
Melee: Trident           |   102 |    22 ||   124
       Kick              |    16 |     3 ||    19
  Use: Potion            |       |     1 ||     1
  Eat: Chunk             |       |     1 ||     1
Armor: Scale mail        |    47 |    12 ||    59
Dodge: Dodged            |    25 |     8 ||    33
Block: Shield            |    28 |    17 ||    45

Table legend:
 A = Non-vault XP
 B = Vault XP
 C = Vault XP percentage of total XP
 D = Non-vault monster count
 E = Vault monster count
 F = Vault count percentage of total count
                 A         B        C        D         E       F
            +---------+---------+-------+---------+---------+-------
      Total |     159 |       0 |   0.0 |      42 |       0 |   0.0
            +---------+---------+-------+---------+---------+-------
        D:1 |      37 |       0 |   0.0 |      24 |       0 |   0.0
        D:2 |     122 |       0 |   0.0 |      18 |       0 |   0.0
            +---------+---------+-------+---------+---------+-------
